Map: Ascension to Aiur LE

Players

Robola

  • Race: Terran Terran
  • League: Diamond
  • Spawn Location: 11:00

llllllllllll - Winner!

  • Race: Terran Terran
  • League: Master
  • Spawn Location: 5:00

VOD

Have the link to the VOD?

Description

Time

  • Played on: Dec. 9, 2017, 4 p.m.
  • Length: 23:47
Show
View Real Time Build Order
Export as new Build Order

Robola Terran 

Build Orders: Reaper Expand, MMM Bio 

Get SALT Encoding   

  12  0:00  SCV  
  13  0:12  SCV  
  14  0:17  Supply Depot  
  14  0:24  SCV  
  15  0:29  Refinery  
  15  0:39  SCV  
  16  0:48  Barracks  
  16  0:51  SCV  
  17  1:03  SCV  
  18  1:15  SCV  
  19  1:36  Reaper, Orbital Command  
  19  1:51  Command Center  
  19  2:03  Factory  
  19  2:05  SCV  
  20  2:11  Refinery  
  20  2:14  Reaper  
  21  2:21  SCV  
  22  2:28  Supply Depot  
  22  2:33  SCV  
  23  2:49  Starport  
  23  2:50  Hellion  
  23  2:51  Barracks Reactor  
  26  2:58  SCV  
  26  3:08  Orbital Command  
  26  3:11  SCV  
  27  3:15  Factory Tech Lab  
  27  3:23  SCV  
  28  3:29  Starport Reactor, Marine  
  28  3:30  Marine  
  28  3:34  Siege Tank  
  33  3:38  SCV x2  
  35  3:53  SCV x2  
  35  3:54  Bunker  
  37  3:58  Marine x2  
  39  4:05  SCV  
  39  4:09  Medivac  
  42  4:16  Marine x2  
  44  4:20  SCV x2  
  46  4:28  Barracks  
  46  4:33  SCV  
  46  4:34  SCV  
  46  4:38  Siege Tank  
  45  4:50  Viking  
  46  5:10  Supply Depot  
  46  5:12  Supply Depot  
  46  5:19  Marine  
  46  5:20  Marine  
  46  5:21  SCV  
  46  5:24  SCV, Barracks Tech Lab  
  45  5:31  Viking  
  45  5:33  SCV  
  48  5:36  SCV  
  48  5:37  Marine  
  48  5:42  Engineering Bay  
  50  5:44  Command Center  
  50  5:51  SCV  
  50  5:52  SCV  
  52  6:00  Marine x3  
  52  6:03  SCV, Stimpack  
  52  6:04  SCV  
  57  6:06  Refinery  
  57  6:14  Missile Turret  
  57  6:16  SCV  
  57  6:18  Marine x2  
  60  6:20  Missile Turret  
  58  6:29  Marine  
  59  6:35  Marine  
  59  6:43  Marine  
  59  6:47  Marine  
  54  6:56  Marine  
  54  7:00  Marine  
  56  7:02  Orbital Command  
  56  7:03  Barracks  
  56  7:04  Barracks  
  56  7:05  Barracks x2  
  56  7:10  Marine  
  56  7:12  Siege Tank  
  56  7:13  SCV x2  
  56  7:14  Marine  
  63  7:19  Missile Turret  
  63  7:21  Medivac x2  
  63  7:22  Orbital Command  
  67  7:25  Marine  
  67  7:28  Marine  
  69  7:35  Marine  
  70  7:38  Terran Infantry Weapons Level 1  
  70  7:42  Engineering Bay  
  70  7:43  Marine, Supply Depot  
  71  7:44  SCV  
  71  7:45  SCV  
  73  7:56  SCV  
  74  7:58  Missile Turret  
  74  7:59  SCV  
  74  8:00  SCV  
  74  8:04  Combat Shields  
  76  8:09  SCV, Marine  
  76  8:10  Barracks Reactor x3  
  76  8:11  Barracks Reactor, SCV, Marine x2  
  81  8:12  SCV  
  82  8:21  SCV  
  82  8:23  SCV  
  84  8:27  Marine  
  84  8:33  Terran Infantry Armor Level 1, Supply Depot x2  
  84  8:34  Supply Depot  
  85  8:53  SCV, Marine x2  
  85  8:54  Marine  
  85  8:55  Siege Tank, SCV  
  90  9:02  SCV  
  91  9:04  Sensor Tower  
  91  9:05  SCV  
  91  9:06  Marine x6  
  91  9:07  SCV, Marine  
  100  9:10  Armory  
  100  9:11  Marine  
  100  9:12  Marine  
  100  9:13  Supply Depot x2  
  100  9:15  SCV  
  103  9:17  SCV, Refinery  
  103  9:19  SCV  
  103  9:22  Marine x2  
  103  9:24  Marine  
  108  9:27  Medivac  
  108  9:28  SCV  
  108  9:30  SCV  
  101  9:34  Marine x6  
  107  9:39  Sensor Tower  
  107  9:41  Missile Turret  
  107  9:42  SCV x3  
  107  9:45  Missile Turret  
  110  9:52  Marine x5  
  114  9:56  Siege Tank  
  118  10:01  Terran Vehicle Weapons Level 1  
  118  10:05  Supply Depot  
  118  10:06  SCV x3  
  121  10:11  Marine x4  
  125  10:21  Supply Depot  
  125  10:27  Marine x7  
  132  10:28  Marine  
  132  10:34  Terran Infantry Weapons Level 2  
  133  10:36  Terran Infantry Armor Level 2  
  133  10:42  Siege Tank, Marine x3  
  139  10:44  Marine x2  
  139  10:47  Marine  
  141  10:59  Command Center  
  141  11:14  Medivac  
  141  11:20  Supply Depot  
  141  11:22  Supply Depot  
  141  11:35  Marine x3  
  141  11:36  Marine x2  
  141  11:37  Marine x2  
  141  11:39  Marine  
  141  11:42  Medivac, Marine x3  
  146  11:53  Marine x2  
  127  11:54  Marine x2  
  127  11:55  Marine, Medivac  
  127  12:00  Marine  
  129  12:01  SCV x2  
  129  12:02  Starport  
  129  12:06  Terran Vehicle Weapons Level 2  
  129  12:08  Siege Tank, SCV  
  133  12:11  Factory  
  133  12:12  Medivac  
  133  12:13  Barracks, SCV  
  133  12:15  Barracks, Refinery  
  137  12:26  Medivac  
  137  12:28  Marine x2  
  137  12:29  Marine x4  
  145  12:30  Sensor Tower  
  145  12:35  Missile Turret  
  145  12:42  Medivac  
  145  12:43  Marine x4  
  151  12:44  Orbital Command  
  152  12:51  SCV x3, Refinery  
  152  12:55  Refinery  
  152  12:56  Terran Infantry Weapons Level 3  
  152  12:57  Supply Depot  
  154  13:00  Marine  
  154  13:01  Marine x9  
  154  13:02  Terran Infantry Armor Level 3  
  164  13:06  Marine x3  
  164  13:09  Factory Tech Lab  
  167  13:18  Marine x3  
  167  13:19  Marine x6  
  176  13:21  Supply Depot  
  176  13:23  Supply Depot  
  176  13:26  Supply Depot  
  176  13:33  Command Center  
  176  13:36  Marine x4  
  180  13:42  Marine x5  
  180  13:43  Siege Tank  
  180  13:45  Siege Tank, Marine x3  
  194  13:53  Marine x3  
  184  14:14  Marine x9  
  184  14:15  Siege Tank, Marine  
  200  14:19  Barracks Reactor  
  200  14:21  Barracks Reactor  
  197  14:30  Siege Tank  
  200  14:33  Terran Vehicle Weapons Level 3  
  182  15:38  Siege Tank  
  182  15:39  Siege Tank, Marine  
  182  15:40  Viking x3  
  181  15:50  Planetary Fortress  
  181  16:00  Refinery  
  181  16:02  Starport  
  181  16:05  Armory  
  181  16:06  Armory  
  181  16:07  Starport  
  181  16:11  Siege Tank x2  
  187  16:12  Viking x2  
  187  16:14  Marine  
  187  16:15  Marine x8  
  200  16:21  Refinery  
  200  16:30  Sensor Tower  
  200  16:37  Sensor Tower  
  200  16:43  Command Center  
  200  16:47  Hi-Sec Auto Tracking  
  200  16:50  Building Armor  
  200  17:10  Sensor Tower  
  200  17:16  Starport  
  200  17:18  Starport  
  200  17:40  Starport Tech Lab  
  200  17:42  Fusion Core  
  134  18:23  Marine  
  134  18:24  Marine x6  
  134  18:25  Viking x6  
  134  18:26  Viking  
  134  18:27  Marine x6  
  108  18:28  Marine x2  
  116  18:36  Barracks  
  116  18:37  Barracks  
  116  18:38  Barracks, Siege Tank x2  
  113  18:41  Marine x2  
  113  18:42  Marine x5  
  113  18:44  Marine  
  113  18:45  Marine x7  
  128  18:49  Terran Ship Weapons Level 1  
  128  18:50  Terran Vehicle And Ship Armor Level 1  
  128  18:54  Advanced Ballistics  
  128  18:55  Viking x5  
  133  18:59  Marine x4  
  133  19:00  Marine  
  142  19:08  Liberator x4  
  141  19:10  Siege Tank  
  144  19:19  Refinery  
  144  19:20  Command Center  
  144  19:22  Medivac, Viking  
  148  19:25  Medivac  
  162  19:35  Liberator  
  162  19:38  Liberator  
  162  19:44  Sensor Tower  
  162  19:51  Liberator  
  165  19:53  Viking  
  170  20:08  Viking  
  170  20:10  Marine x5  
  170  20:11  Marine x8  
  170  20:12  Marine x2  
  170  20:13  Viking x2  
  194  20:23  Medivac  
  196  20:35  Medivac  
  178  20:45  Viking x4  
  178  20:46  Marine x2  
  178  20:47  Marine x7  
  173  20:50  Viking  
  173  20:53  Viking  
  173  20:54  Marine x5  
  173  20:55  Marine  
  136  21:05  Viking  
  125  21:14  Marine  
  125  21:15  Viking x4  
  122  21:20  Viking  
  122  21:23  Viking  
  126  21:30  Orbital Command  
  125  21:35  Viking  
  126  21:44  Viking  
  126  21:45  Viking x3  
  126  21:55  Viking x2  
  129  22:01  Refinery  
  129  22:05  Refinery, Viking  
  131  22:12  Marine x6  
  131  22:13  Marine x2  
  131  22:14  Viking  
  131  22:15  Viking x3  
  147  22:25  Viking x2  
  151  22:35  Viking  
  153  22:48  Viking x4  
  161  22:55  Viking  
Show
View Real Time Build Order
Export as new Build Order

llllllllllll Terran - Winner!

Build Orders: Cyclone Opening, Mech 

Get SALT Encoding   

  12  0:01  SCV  
  13  0:13  SCV  
  14  0:18  Supply Depot  
  14  0:25  SCV  
  15  0:34  Refinery  
  15  0:39  SCV  
  16  0:51  SCV  
  16  0:56  Barracks  
  17  1:03  SCV  
  18  1:10  Refinery  
  18  1:15  SCV  
  19  1:28  SCV  
  20  1:42  Orbital Command  
  20  1:43  Marine  
  20  1:45  Factory  
  21  2:01  Supply Depot  
  21  2:02  Marine  
  22  2:09  SCV  
  23  2:23  SCV, Marine  
  23  2:29  Cyclone  
  28  2:31  Starport  
  28  2:35  SCV  
  29  2:41  Supply Depot  
  29  2:44  Marine  
  30  2:47  SCV  
  31  2:54  Liberator  
  31  3:02  SCV  
  31  3:05  Cyclone  
  38  3:29  Command Center  
  38  3:33  Barracks Tech Lab  
  39  3:34  SCV  
  38  4:02  SCV  
  39  4:15  Supply Depot  
  39  4:16  Barracks Reactor  
  39  4:18  Engineering Bay  
  39  4:24  Siege Tank, SCV, Viking  
  45  4:36  SCV  
  46  4:49  SCV  
  47  5:04  SCV  
  48  5:12  Orbital Command  
  48  5:15  Refinery  
  48  5:17  Siege Tank  
  48  5:18  SCV  
  52  5:23  Missile Turret  
  52  5:27  Missile Turret  
  52  5:28  Refinery  
  49  5:30  SCV  
  49  5:32  Viking x2  
  54  5:39  SCV  
  54  5:41  Factory  
  54  5:42  SCV  
  56  5:49  Siege Tank, Barracks Tech Lab  
  59  5:51  SCV  
  59  5:54  SCV  
  61  6:03  SCV  
  62  6:04  Supply Depot  
  62  6:05  Viking  
  62  6:06  SCV  
  62  6:08  Supply Depot  
  65  6:15  SCV  
  65  6:18  SCV  
  65  6:27  SCV  
  66  6:36  Liberator  
  69  6:54  Siege Tank  
  72  7:01  Factory  
  72  7:03  Siege Tank, Command Center  
  75  7:08  SCV  
  75  7:09  SCV  
  77  7:19  Armory  
  77  7:21  SCV x2  
  77  7:22  Missile Turret  
  79  7:29  Viking  
  81  7:30  Siege Tank  
  81  7:33  SCV x2  
  86  7:44  Missile Turret  
  86  7:50  Factory Tech Lab  
  86  7:52  Sensor Tower  
  86  7:56  Siege Tank, SCV x2, Viking  
  93  8:02  Missile Turret  
  93  8:06  Terran Vehicle Weapons Level 1  
  93  8:08  SCV  
  93  8:10  Supply Depot  
  93  8:11  Supply Depot  
  93  8:12  Missile Turret  
  94  8:15  SCV, Viking  
  97  8:20  SCV  
  97  8:21  Sensor Tower  
  98  8:27  SCV  
  98  8:30  Siege Tank  
  98  8:32  Missile Turret  
  98  8:34  Missile Turret  
  102  8:40  SCV  
  103  8:55  Refinery  
  103  8:56  Refinery  
  103  9:01  Sensor Tower  
  103  9:06  Armory  
  103  9:13  SCV x2  
  103  9:14  Missile Turret  
  106  9:17  Command Center  
  106  9:19  Planetary Fortress  
  105  9:37  Missile Turret  
  105  9:46  SCV x2  
  105  9:49  Supply Depot  
  105  9:50  Missile Turret  
  107  9:58  SCV x2  
  109  10:00  Missile Turret x2  
  109  10:01  Siege Tank x3  
  118  10:09  SCV  
  118  10:10  SCV x2  
  121  10:16  Starport  
  121  10:17  Starport  
  121  10:22  Terran Vehicle And Ship Armor Level 1  
  121  10:23  Terran Ship Weapons Level 1  
  121  10:25  SCV x3  
  124  10:33  Factory  
  124  10:37  SCV  
  124  10:38  Factory  
  125  10:53  SCV  
  125  10:54  SCV x2  
  128  11:00  Command Center  
  127  11:19  Starport Tech Lab x2  
  127  11:21  Starport  
  127  11:27  Factory Tech Lab  
  118  12:11  Starport Tech Lab  
  118  12:12  Sensor Tower  
  118  12:13  Factory Tech Lab  
  118  12:17  Terran Vehicle Weapons Level 2  
  118  12:25  SCV x3  
  121  12:30  Starport  
  121  12:32  Missile Turret, Viking x5  
  121  12:34  Starport  
  121  12:36  Terran Vehicle And Ship Armor Level 2  
  131  12:42  Fusion Core  
  131  12:52  Missile Turret  
  131  12:57  SCV x2  
  133  13:01  Sensor Tower, Refinery  
  133  13:02  Missile Turret, Viking  
  133  13:03  Building Armor  
  133  13:04  Refinery  
  135  13:11  Missile Turret  
  135  13:12  Missile Turret x3  
  135  13:14  Missile Turret  
  135  13:24  Planetary Fortress  
  135  13:31  Battlecruiser x3  
  135  13:33  Starport Tech Lab x2  
  153  13:38  Viking x2  
  153  13:39  Weapon Refit  
  157  13:51  Missile Turret  
  157  14:12  Missile Turret, Battlecruiser  
  163  14:17  Missile Turret  
  163  14:24  Supply Depot  
  163  14:25  Supply Depot  
  163  14:31  Missile Turret  
  163  14:46  Battlecruiser x2  
  163  14:47  Terran Ship Weapons Level 2  
  163  14:49  Supply Depot  
  163  14:50  Supply Depot  
  175  14:53  Missile Turret  
  175  14:55  Supply Depot  
  175  14:57  Supply Depot  
  175  14:58  Missile Turret, Supply Depot  
  175  15:02  Command Center, Supply Depot  
  175  15:03  Missile Turret  
  175  15:10  Terran Vehicle And Ship Armor Level 3, Battlecruiser x2  
  175  15:12  Missile Turret  
  187  15:18  Missile Turret  
  187  15:53  Refinery  
  187  15:57  Battlecruiser  
  187  15:58  Raven x2  
  197  16:05  Corvid Reactor  
  197  16:07  Enhanced Munitions  
  197  16:11  Hi-Sec Auto Tracking  
  197  16:42  Sensor Tower  
  197  16:43  Missile Turret  
  197  16:44  Missile Turret  
  197  16:47  Refinery  
  197  16:48  Missile Turret x2  
  197  16:49  Missile Turret, Command Center  
  197  16:51  Refinery  
  197  16:52  Missile Turret  
  197  16:57  Missile Turret  
  197  16:58  Missile Turret  
  197  17:04  Terran Ship Weapons Level 3  
  197  17:13  Command Center x2  
  197  17:16  Planetary Fortress  
  197  17:34  Planetary Fortress  
  197  17:57  Missile Turret  
  197  17:58  Missile Turret, Refinery  
  197  17:59  Missile Turret  
  197  18:00  Missile Turret, Refinery  
  197  18:01  Missile Turret  
  197  18:02  Missile Turret  
  197  18:03  Missile Turret  
  197  18:18  Missile Turret  
  182  18:23  Missile Turret  
  180  18:27  Raven x3  
  180  18:30  Terran Vehicle Weapons Level 3  
  186  19:29  Missile Turret x2, Drilling Claws  
  186  19:31  Refinery  
  186  19:32  Missile Turret  
  186  19:33  Missile Turret  
  186  19:34  Missile Turret, Refinery  
  186  20:26  Raven x2  
  186  20:27  Raven x2  
  164  20:57  Viking  
  164  20:58  Viking, Raven  
  164  21:09  Raven  
  166  21:28  Battlecruiser x3  
  184  21:58  Viking x2  
  188  22:20  Thor x2  
  200  22:42  Command Center  
Tags
 
Add a new tag
Caveats
  • Supply blocks, unpowered buildings, or Contaminate may cause inaccurate times.
  • Supply counts are checked every 10 seconds.